 Dungeon Crawl Stone Soup version 0.30-a0-263-ge22c4ad894 (webtiles) character file.

Game seed: 15633138584845782619

2507 brknglss the Magician (level 9, -2/66 HPs)
             Began as a Gnoll Fire Elementalist on Oct 13, 2022.
             Was an Initiate of Ashenzari.
             Slain by a sky beast (5 damage)
             ... on level 7 of the Dungeon.
             The game lasted 00:17:53 (7472 turns).

brknglss the Magician (Gnoll Fire Elementalist)     Turns: 7472, Time: 00:17:53

Health: -2/66      AC: 12    Str:  8    XL:     9   Next: 53%
Magic:  2/28       EV:  9    Int: 19    God:    Ashenzari [......]
Gold:   390        SH:  0    Dex: 12    Spells: 14/21 levels left

rFire   + . .      SeeInvis .    e - +3 woodcutter's axe {vorpal}
rCold   . . .      Faith    .    (shield currently unavailable)
rNeg    . . .      Spirit   .    F - +4 scale mail {rF+}
rPois   .          Reflect  .    (no helmet)
rElec   .          Harm     .    E - +0 cloak
rCorr   .          Rampage  .    (no gloves)
Will    .....                    (no boots)
Stlth   ++........               (no amulet)
HPRegen 0.31/turn                h - ring of magical power
MPRegen 0.21/turn                n - ring of the Lashed Sun {Wiz, Fort, Evo} (curse)

@: no status effects
A: fangs 1, strong nose, distributed training
a: Renounce Religion, Shatter the Chains


You were on level 7 of the Dungeon.
You worshipped Ashenzari.
Ashenzari was noncommittal.
You visited 2 branches of the dungeon, and saw 8 of its levels.
You also visited: Ossuary.

You collected 551 gold pieces.
You spent 161 gold pieces at shops.

Inventory:

Hand Weapons
 e - the +3 woodcutter's axe (weapon) {vorpal}
   (You found it on level 4 of the Dungeon)

   It inflicts extra damage upon your enemies.
 r - a +0 dagger of venom
 C - the +6 great sword of Cruel Justice {freeze, rF+++}
   (You found it on level 6 of the Dungeon)

   It freezes those it strikes, dealing additional cold damage.
   It can also slow down cold-blooded creatures.
   rF:        It renders you almost immune to fire.
Missiles
 B - 11 poisoned darts
Armour
 a - a +0 robe
 E - a +0 cloak (worn)
 F - a +4 scale mail of fire resistance (worn)
Magical Staves
 f - a staff of fire
Jewellery
 h - a ring of magical power (left hand)
 n - the cursed ring of the Lashed Sun (right hand) {Wiz, Fort, Evo}
   (You found it on level 2 of the Dungeon)

   [ring of wizardry]

   It improves your spell success rate.
   It has a curse which improves the following skills: Fortitude: Armour and
   Shields.
   Evocations: Evocations.
 q - a ring of resist corrosion
 D - a +6 ring of strength
Wands
 A - a wand of flame (32)
Scrolls
 c - a scroll of fear
 l - 2 scrolls of amnesia {unknown}
 o - a scroll of noise {unknown}
 p - 4 scrolls of teleportation {unknown}
 w - a scroll of enchant weapon {unknown}
 x - a scroll of magic mapping {unknown}
 y - a scroll of blinking {unknown}
Potions
 b - 2 potions of magic
 i - 2 potions of lignification
 j - 2 potions of might
 k - 2 potions of flight
 m - a potion of invisibility
 s - a potion of heal wounds
 t - 2 potions of curing
 u - 3 potions of mutation
 v - 2 potions of attraction
 z - a potion of haste {unknown}


   Skills:
 + Level 4.5 Fighting
 + Level 4.5 Short Blades
 + Level 4.5 Long Blades
 + Level 4.5 Axes
 + Level 4.5 Maces & Flails
 + Level 4.5 Polearms
 + Level 4.5 Staves
 + Level 4.5 Ranged Weapons
 + Level 4.5 Throwing
 + Level 4.5(4.9) Armour
 + Level 6.5 Dodging
 + Level 6.2 Stealth
 + Level 4.5(4.9) Shields
 + Level 4.5 Unarmed Combat
 + Level 6.8 Spellcasting
 + Level 4.3 Conjurations
 + Level 3.7 Hexes
 + Level 3.7 Summonings
 + Level 3.7 Necromancy
 + Level 3.7 Translocations
 + Level 3.7 Transmutations
 + Level 6.7 Fire Magic
 + Level 3.7 Ice Magic
 + Level 3.7 Air Magic
 + Level 3.7 Earth Magic
 + Level 3.7 Poison Magic
 + Level 5.0 Invocations
 + Level 4.5(4.9) Evocations


You had 14 spell levels left.
You knew the following spells:

 Your Spells              Type           Power      Damage    Failure   Level
a - Foxfire               Conj/Fire      100%       2x1d9     3%          1
b - Scorch                Fire           64%        2d8       3%          2
c - Flame Wave            Conj/Fire      27%        2d9       32%         4

Your spell library contained the following spells:

 Spells                   Type           Power      Damage    Failure   Level
 Inner Flame              Hex/Fire       26%        N/A       12%         3
 Kindle Blastsparks       Fire/Tloc/Air  48%        2d14      14%         3


Dungeon Overview and Level Annotations

Branches:
Dungeon (7/15)             Temple (1/1) D:5         Ossuary (visited)

Altars:
Ashenzari
Cheibriados
Elyvilon
Fedhas
Hepliaklqana
Kikubaaqudgha
Makhleb
Qazlal
Trog
Uskayaw
Wu Jian
Yredelemnul
Zin
The Shining One

Shops:
D:3 *

Portals:
Abyss: D:5

Annotations:
D:5 2 transporters, purpskrrrp's ghost, amateur MiHu


Innate Abilities, Weirdness & Mutations

You have very sharp teeth.
Your uncanny sense of smell can sniff out nearby items.
Your experience applies equally to all skills.


Message History

The flame wave engulfs the sky beast!
The sky beast is heavily wounded.
The flame wave engulfs the orc!
You kill the orc!
The flame wave engulfs something!
You feel a bit more experienced.
You finish channelling waves of flame.
You feel sick.
You hear a shout!
Your Invocations skill increases to level 5!
You feel better.
The sky beast hits you but does no damage.
You closely miss the sky beast.
The sky beast is heavily wounded.
The sky beast hits you but does no damage.
Your magical contamination has completely faded away.
You closely miss the sky beast. You bite the sky beast.
The sky beast is heavily wounded.
The sky beast hits you.
* * * LOW HITPOINT WARNING * * *
The sky beast shocks you.
* * * LOW HITPOINT WARNING * * *
You barely miss the sky beast.
The sky beast is heavily wounded.
The sky beast hits you.
* * * LOW HITPOINT WARNING * * *
The sky beast shocks you.
* * * LOW HITPOINT WARNING * * *
Casting: Flame Wave (quite dangerous; 32% risk of failure)
Confirm with . or Enter, or press ? or * to list all spells.
Flames lash the sky beast.
The sky beast is severely wounded.
The sky beast's fire resistance burns away.
The sky beast hits you but does no damage.
Casting: Scorch (safe; 3% risk of failure)
Confirm with . or Enter, or press ? or * to list all spells.
Flames lash the sky beast.
The sky beast is burned terribly!
The sky beast is almost dead.
The sky beast hits you.
* * * LOW HITPOINT WARNING * * *
The sky beast shocks you.
You die...

##. .... ∆ .. ..##..####
....y## #.. ........
....... ...###.....#
.....## #..........#
....o.. ...........###
..>..o. .............####
.......
...........#....###).....o
...........####.@Y))......
..........># ######.....#
.........### ###..
...<.....# .........#
........## .#.....##
########


You could see a sky beast (combustible).

Vanquished Creatures
  Eustachio (D:6)
  3 black bears
  2 ogres
  3 phantoms
  2 elf zombies (Ossuary)
  3 bullfrogs
  Blork the orc (D:6)
  A necrophage (D:5)
  2 scorpions
  4 killer bees (D:7)
  2 centaur zombies (Ossuary)
  Crazy Yiuf (D:6)
  2 hounds (D:6)
  4 human zombies (Ossuary)
  3 orc priests
  5 iguanas
  7 orc wizards
  2 hound zombies (Ossuary)
  3 mummies (Ossuary)
  3 gnolls (D:5)
  6 adders
  2 white imps
  An ufetubus (D:3)
  3 adder zombies (Ossuary)
  2 dart slugs (D:4)
  17 orcs
  6 endoplasms
  2 giant cockroaches
  A gnoll zombie (Ossuary)
  11 goblins
  A hobgoblin (D:2)
  6 jackals (D:1)
  5 quokkas
  5 ball pythons
  3 bats
  3 frilled lizards
  6 goblin zombies (Ossuary)
  4 hobgoblin zombies (Ossuary)
  A jackal zombie (Ossuary)
  5 kobolds
  3 kobold zombies (Ossuary)
  3 orc zombies (Ossuary)
  3 quokka zombies (Ossuary)
  3 rats
  2 rat zombies (Ossuary)
158 creatures vanquished.

Vanquished Creatures (others)
  347 foxfires
  A plant (D:7)
348 creatures vanquished.

Grand Total: 506 creatures vanquished

Notes
Turn   | Place    | Note
-------+----------+-------------------------------------------
     0 | D:1      | brknglss the Gnoll Fire Elementalist began the quest for
                  | the Orb.
     0 | D:1      | Reached XP level 1. HP: 13/13 MP: 6/6
   244 | D:1      | Reached XP level 2. HP: 10/19 MP: 0/7
  1140 | D:2      | Reached skill level 5 in Spellcasting
  1140 | D:2      | Reached XP level 3. HP: 5/25 MP: 9/9
  1140 | D:2      | HP: 1/25 [frozen (3)]
  1142 | D:2      | Reached skill level 1 in Invocations
  1254 | D:2      | Learned a level 2 spell: Scorch
  1624 | D:2      | Reached skill level 1 in Fighting
  1624 | D:2      | Reached skill level 1 in Short Blades
  1624 | D:2      | Reached skill level 1 in Long Blades
  1624 | D:2      | Reached skill level 1 in Axes
  1624 | D:2      | Reached skill level 1 in Maces & Flails
  1624 | D:2      | Reached skill level 1 in Polearms
  1624 | D:2      | Reached skill level 1 in Staves
  1624 | D:2      | Reached skill level 1 in Ranged Weapons
  1624 | D:2      | Reached skill level 1 in Throwing
  1624 | D:2      | Reached skill level 1 in Armour
  1624 | D:2      | Reached skill level 1 in Shields
  1624 | D:2      | Reached skill level 1 in Unarmed Combat
  1624 | D:2      | Reached skill level 1 in Evocations
  2103 | D:3      | Found Pyivady's Assorted Antiques.
  2190 | D:3      | Reached XP level 4. HP: 32/32 MP: 11/11
  2197 | D:3      | Reached skill level 1 in Hexes
  2197 | D:3      | Reached skill level 1 in Summonings
  2197 | D:3      | Reached skill level 1 in Necromancy
  2197 | D:3      | Reached skill level 1 in Translocations
  2197 | D:3      | Reached skill level 1 in Transmutations
  2197 | D:3      | Reached skill level 1 in Ice Magic
  2197 | D:3      | Reached skill level 1 in Air Magic
  2197 | D:3      | Reached skill level 1 in Earth Magic
  2197 | D:3      | Reached skill level 1 in Poison Magic
  2549 | D:3      | Reached XP level 5. HP: 37/37 MP: 12/12
  2652 | D:3      | Noticed an ogre
  2656 | D:3      | Killed an ogre
  2981 | D:3      | Learned a level 4 spell: Flame Wave
  3030 | D:4      | Noticed a black bear
  3038 | D:4      | Killed a black bear
  3039 | D:4      | Reached skill level 5 in Dodging
  3039 | D:4      | Reached XP level 6. HP: 44/44 MP: 14/14
  3136 | D:4      | Found a white marble altar of Elyvilon.
  3136 | D:4      | Found a burning altar of Makhleb.
  3140 | D:4      | Found a bloodstained altar of Trog.
  3204 | D:4      | Found a sand-covered staircase.
  3210 | Ossuary  | Entered an ossuary
  3265 | Ossuary  | HP: 1/44 [elf zombie (6)]
  3283 | Ossuary  | Reached XP level 7. HP: 7/51 MP: 7/15
  3738 | Ossuary  | Reached skill level 5 in Stealth
  4258 | D:4      | Found the +3 woodcutter's axe {vorpal}
  4465 | D:4      | Reached XP level 8. HP: 58/58 MP: 16/16
  4842 | D:5      | Entered Level 5 of the Dungeon
  4844 | D:5      | Found an ornate altar of the Wu Jian Council.
  5381 | D:5      | Found a one-way gate to the infinite horrors of the Abyss.
  5381 | D:5      | Noticed purpskrrrp's ghost (amateur MiHu)
  5489 | D:5      | Found the +8 demon trident "Rift" {distort, reach+}
  5491 | D:5      | Found a transporter.
  5535 | D:5      | Found a transporter.
  5588 | D:5      | Found a staircase to the Ecumenical Temple.
  5608 | Temple   | Entered the Ecumenical Temple
  5696 | Temple   | Became a worshipper of Ashenzari the Shackled
  6046 | D:6      | Reached XP level 9. HP: 60/65 MP: 18/18
  6126 | D:6      | Noticed Eustachio
  6142 | D:6      | Killed Eustachio
  6338 | D:6      | Noticed Blork the orc
  6345 | D:6      | Killed Blork the orc
  6414 | D:6      | Identified the +6 great sword of Cruel Justice {freeze,
                  | rF+++}
  6965 | D:6      | Found a runed translucent door.
  6966 | D:6      | Noticed Crazy Yiuf
  6972 | D:6      | Killed Crazy Yiuf
  7217 | D:3      | Bought a glowing scale mail for 161 gold pieces
  7467 | D:7      | Reached skill level 5 in Invocations
  7472 | D:7      | HP: 3/66 [sky beast (2)]
  7472 | D:7      | Slain by a sky beast

Illustrated notes

Levels and vault maps discovered:
D:1:      dpeg_arrival_arbitrary_b, layout_basic
D:2:      layout_basic, minmay_statues_item
D:3:      layout_loops_ring, serial_shops, nicolae_shop_hallway_plus
D:4:      nicolae_cairo_tiling_very_big, layout_basic,
          nicolae_overflow_two_pavilions, amcnicky_altar_gilded,
          nicolae_ossuary_entry_plus
D:5:      layout_basic, mainiacjoe_overflow_brackets, minmay_temple_entry_grid,
          gammafunk_ghost_abyssal_escape, grunt_decor_arrowhead
D:6:      layout_loops_ring, chequers_serial_rivers_micro_a,
          minmay_crystal_water, ebering_dispersal_statue_hall,
          minmay_misc_feat_doors, uniq_blork_the_orc, uniq_eustachio,
          uniq_crazy_yiuf_cottage
D:7:      layout_rooms, chequers_serial_rivers_room_b, serial_bayou_ford_a,
          minmay_guarded_unrand_staff_of_olgreb
Temple:   eino_temple_rhombus

Skill      XL: |  1  2  3  4  5  6  7  8  9 |
---------------+----------------------------+-----
Conjurations   | 2 3 4 |  4.3
Spellcasting   | 5 6 |  6.8
Invocations    | 1 2 3 4 5 |  5.0
Fighting       | 1 2 3 4 |  4.5
Short Blades   | 1 2 3 4 |  4.5
Long Blades    | 1 2 3 4 |  4.5
Axes           | 1 2 3 4 |  4.5
Maces & Flails | 1 2 3 4 |  4.5
Polearms       | 1 2 3 4 |  4.5
Staves         | 1 2 3 4 |  4.5
Ranged Weapons | 1 2 3 4 |  4.5
Throwing       | 1 2 3 4 |  4.5
Armour         | 1 2 3 4 |  4.5
Shields        | 1 2 3 4 |  4.5
Unarmed Combat | 1 2 3 4 |  4.5
Evocations     | 1 2 3 4 |  4.5
Hexes          | 1 2 3 |  3.7
Summonings     | 1 2 3 |  3.7
Necromancy     | 1 2 3 |  3.7
Translocations | 1 2 3 |  3.7
Transmutations | 1 2 3 |  3.7
Ice Magic      | 1 2 3 |  3.7
Air Magic      | 1 2 3 |  3.7
Earth Magic    | 1 2 3 |  3.7
Poison Magic   | 1 2 3 |  3.7
Dodging        | 5 6 |  6.5
Stealth        | 5 6 |  6.2
Fire Magic     | 6 |  6.7

Action                   |  1- 3 |  4- 6 |  7- 9 || total
-------------------------+-------+-------+-------++-------
Melee: Short sword       |     7 |       |       ||     7
       Rapier            |    46 |     5 |       ||    51
       Bite              |     6 |     1 |     7 ||    14
       Dagger            |       |     3 |       ||     3
       Staff             |       |     3 |    30 ||    33
       Battleaxe         |       |       |    11 ||    11
 Cast: Foxfire           |    57 |    48 |   117 ||   222
       Scorch            |     4 |    28 |    92 ||   124
       Flame Wave        |       |     1 |     4 ||     5
Invok: Curse Item        |       |       |     1 ||     1
  Use: Potion            |       |     1 |     1 ||     2
       Scroll            |       |       |    13 ||    13
 Stab: Sleeping          |     3 |       |       ||     3
Armor: Robe              |    16 |    16 |    11 ||    43
       Scale mail        |       |       |    23 ||    23
Dodge: Dodged            |    68 |    41 |    70 ||   179

Table legend: (Time is in decaauts)
 A = Elapsed time spent in this place.
 B = Non-inter-level travel time spent in this place.
 C = Inter-level travel time spent in this place.
 D = Time resting spent in this place.
 E = Time spent auto-exploring this place.
 F = Levels seen in this place.
 G = Mean time per level.
                   A        B        C        D        E       F      G
               +--------+--------+--------+--------+--------+-----+--------+
         Total |   7483 |   7143 |    340 |   1210 |   4230 |   9 |  831.4 |
       Dungeon |   6569 |   6240 |    329 |    861 |   3992 |   7 |  938.4 |
        Temple |     99 |     88 |     11 |      0 |     71 |   1 |   99.0 |
       Ossuary |    815 |    815 |      0 |    349 |    167 |   1 |  815.0 |
               +--------+--------+--------+--------+--------+-----+--------+

Top non-repeatable levels by time:
     D:6: 1195 daAuts
     D:1: 1094 daAuts
     D:5: 1083 daAuts
     D:3: 1081 daAuts
     D:4: 1055 daAuts
     D:2: 1005 daAuts
 Ossuary: 815 daAuts
  Temple: 99 daAuts
     D:7: 52 daAuts
